 Dungeon Crawl Stone Soup version 0.22.0-78-g6c94d2c (webtiles) character file.

155 Starchild the Charlatan (level 5, -2/29 HPs)
             Began as a Kobold Artificer on Sept 16, 2018.
             Slain by a leopard gecko (3 damage)
             ... on level 2 of the Dungeon.
             The game lasted 00:05:32 (2354 turns).

Starchild the Charlatan (Kobold Artificer)          Turns: 2354, Time: 00:05:32

Health: -2/29      AC:  3    Str: 11    XL:     5   Next: 63%
Magic:  9/9        EV: 14    Int: 12    God:
Gold:   116        SH:  0    Dex: 15    Spells: 4/4 levels left

rFire    . . .     SeeInvis .   a - +0 short sword
rCold    . . .     Gourm    .   (shield restricted)
rNeg     . . .     Faith    .   b - +0 leather armour
rPois    .         Spirit   .   (no helmet)
rElec    .         Reflect  .   (no cloak)
rCorr    .         Harm     .   (no gloves)
MR       .....                  (no boots)
Stlth    ++........             (no amulet)
HPRegen  0.09/turn              (no ring)
MPRegen  0.11/turn              (no ring)

@: no status effects
A: small, carnivore
a: no special abilities


You were on level 2 of the Dungeon.
You were not hungry.

You visited 1 branch of the dungeon, and saw 2 of its levels.

You collected 116 gold pieces.

Inventory:

Hand Weapons
 a - a +0 short sword (weapon)
Missiles
 g - 54 stones (quivered)
 h - 38 bolts
Armour
 b - a +0 leather armour (worn)
Jewellery
 i - a +2 amulet of reflection {unknown}
Wands
 c - a wand of flame (11)
 d - a wand of enslavement (10)
 e - a wand of random effects (12)
Scrolls
 k - a scroll of remove curse {unknown}
Potions
 j - a potion of cancellation {unknown}
 l - a potion of degeneration {unknown}
Comestibles
 f - 5 rations


   Skills:
 - Level 1.1 Fighting
 + Level 4.9 Short Blades
 - Level 2.4 Dodging
 - Level 1.3 Stealth
 + Level 5.5 Evocations


You had 4 spell levels left.
You didn't know any spells.
Your spell library was empty.

Dungeon Overview and Level Annotations

Branches:
Dungeon (2/15)

Altars:


Innate Abilities, Weirdness & Mutations

You are small and have problems with some larger weapons.
You are carnivorous and can eat meat at any time.


Message History

A sky beast appears from thin air!
Reactivating autopickup.
The sky beast closely misses you.
The sky beast flickers out of sight!
Deactivating autopickup; reactivate with Ctrl-A.
A sky beast appears from thin air!
Reactivating autopickup.
The sky beast flickers out of sight!
Deactivating autopickup; reactivate with Ctrl-A.
A leopard gecko comes into view.
The leopard gecko hisses angrily.
The leopard gecko hisses menacingly.
A sky beast appears from thin air!
Reactivating autopickup.
The leopard gecko bites you.
* * * LOW HITPOINT WARNING * * *
The leopard gecko bites you.
* * * LOW HITPOINT WARNING * * *
The leopard gecko bites you.
You die...

### ##.# ##### ####รทรท# #...#
#....## ...##<).# ##.#>##
........######## #######....###
.......#...#...## #.............
.###............####.............
###..........@Y...............
...................###.............
##......#.....# ##..#######...
#.####....#### #..## #... ...
#.......# #### ##.# #. #..#######
#.# ..... .)..####### ##.#


You could see a sky beast and a leopard gecko.

Vanquished Creatures
  A bullfrog (D:2)
  A hound (D:2)
  An ooze (D:1)
  3 dart slugs (D:1)
  A leopard gecko (D:2)
  A giant cockroach (D:2)
  6 goblins
  5 hobgoblins
  15 jackals
  6 kobolds
  A quokka (D:2)
  3 bats
  4 frilled lizards
  4 rats
52 creatures vanquished.

Vanquished Creatures (others)
  An adder (D:2)
  2 jackals (D:2)
3 creatures vanquished.

Grand Total: 55 creatures vanquished

Notes
Turn   | Place    | Note
-------+----------+-------------------------------------------
     0 | D:1      | Starchild the Kobold Artificer began the quest for the Orb.
     0 | D:1      | Reached XP level 1. HP: 12/12 MP: 3/3
   183 | D:1      | Reached skill level 4 in Evocations
   429 | D:1      | Reached XP level 2. HP: 16/16 MP: 5/5
   734 | D:1      | Reached XP level 3. HP: 13/20 MP: 6/6
  1596 | D:2      | Noticed a bullfrog
  1604 | D:2      | Killed a bullfrog
  1604 | D:2      | Reached skill level 5 in Evocations
  1604 | D:2      | Reached XP level 4. HP: 15/25 MP: 7/7
  1604 | D:2      | Reached XP level 5. HP: 17/29 MP: 8/8
  2297 | D:2      | Noticed a sky beast
  2353 | D:2      | HP: 1/29 [leopard gecko (4)]
  2354 | D:2      | Slain by a leopard gecko

Skill      XL: |  1  2  3 |
---------------+----------+-----
Evocations     | 4 5 |  5.5
Short Blades   | 4 |  4.9
Fighting       | |  1.1
Dodging        | |  2.4
Stealth        | |  1.3

Action                   |  1- 3 |  4- 6 || total
-------------------------+-------+-------++-------
Melee: Short sword       |   150 |   109 ||   259
Throw: Stone             |     6 |     8 ||    14
Evoke: Wand              |     1 |    11 ||    12
 Stab: Sleeping          |     3 |       ||     3
  Eat: Chunk             |     4 |     1 ||     5
Armor: Leather armour    |    16 |    24 ||    40
Dodge: Dodged            |   109 |   115 ||   224
